 Dungeon Crawl Stone Soup version 0.23.2-40-g277498a001 (webtiles) character file.

Game seed: 16198776184580491076

100 Delarado the Ruffian (level 4, -2/31 HPs)
             Began as an Octopode Fighter on Aug 28, 2019.
             Killed from afar by Ijyb (8 damage)
             ... with a wand of flame (14)
             ... on level 3 of the Dungeon.
             The game lasted 00:06:57 (2204 turns).

Delarado the Ruffian (Octopode Fighter)             Turns: 2204, Time: 00:06:58

Health: -2/31      AC:  1    Str: 16    XL:     4   Next: 73%
Magic:  4/4        EV: 11    Int: 10    God:
Gold:   88         SH:  8    Dex: 11    Spells: 3/3 levels left

rFire    . . .     SeeInvis .     - Unarmed
rCold    . . .     Gourm    .   a - +0 shield
rNeg     . . .     Faith    .   (helmet restricted)
rPois    .         Spirit   .   (no amulet)
rElec    .         Reflect  .   (no ring)
rCorr    .         Harm     .   (no ring)
MR       .....                  (no ring)
Stlth    ++........             (no ring)
HPRegen  0.10/turn              (no ring)
MPRegen  0.09/turn              (no ring)
                                (no ring)
                                (no ring)

@: lethally poisoned (-2 -> -23)
A: almost no armour, stealthy swim, amphibious, 8 rings, constrict 8, camouflage
1, gelatinous body 1
a: no special abilities


You were on level 3 of the Dungeon.
You were not hungry.

You visited 1 branch of the dungeon, and saw 3 of its levels.

You collected 88 gold pieces.

Inventory:

Missiles
 i - 31 stones (quivered)
Armour
 a - a +0 shield (worn)
Scrolls
 e - a scroll of fog
 f - a scroll of fear {unknown}
 g - 4 scrolls of teleportation
 k - 2 scrolls of remove curse
 m - a scroll of amnesia {unknown}
 o - a scroll of enchant armour
 p - a scroll of noise {unknown}
Potions
 b - a potion of might
 h - a potion of haste
 j - a potion of curing
 l - a potion of magic {unknown}
 n - a potion of lignification
Comestibles
 c - 7 rations
 d - 2 chunks of flesh


   Skills:
 - Level 3.0 Fighting
 - Level 3.0 Dodging
 - Level 3.0 Shields
 + Level 4.8 Unarmed Combat


You had 3 spell levels left.
You didn't know any spells.
Your spell library was empty.

Dungeon Overview and Level Annotations

Branches:
Dungeon (3/15)

Altars:

Annotations:
D:3 Ijyb


Innate Abilities, Weirdness & Mutations

You cannot wear most types of armour.
You are very stealthy in the water. (Stealth+)
You are amphibious.
You can wear up to eight rings at the same time.
You can use your tentacles to constrict eight enemies at once.
Your skin changes colour to match your surroundings (Stealth+).
Your rubbery body absorbs attacks. (AC +1, EV +1)


Message History

You squeeze Ijyb.
Ijyb is heavily wounded.
You constrict Ijyb, but do no damage.
You feel sick.
Ijyb zaps a wand.
The puff of flame hits you!
You tentacle-slap Ijyb.
Ijyb is heavily wounded.
You constrict Ijyb, but do no damage.
You feel sick.
Ijyb hits you with a +0 dagger of venom.
You are lethally poisoned!
You tentacle-slap Ijyb but do no damage.
Ijyb is heavily wounded.
You constrict Ijyb.
You feel sick.
Ijyb hits you with a +0 dagger of venom.
* * * LOW HITPOINT WARNING * * *
You tentacle-slap Ijyb but do no damage.
Ijyb is severely wounded.
You constrict Ijyb, but do no damage.
* * * LOW HITPOINT WARNING * * *
You feel sick.
Ijyb zaps a wand.
The puff of flame hits you!
You die...

###########
#..>......#
#.#######.#
##
#.#<......#
.
#.#########
#.#........#
#.########.#
#..#### #.#
#.g@..# #.#
#..#.##.#
#.# # #. #.#
#.# .. #.#
#.# #..
#.####.# #..
#......# #:.
######## #..


You could see Ijyb.

Vanquished Creatures
  A bullfrog skeleton (D:2)
  A gnoll (D:1)
  An adder (D:2)
  A worm (D:2)
  3 dart slugs (D:1)
  A leopard gecko (D:2)
  2 giant cockroaches (D:2)
  6 goblins (D:1)
  5 hobgoblins
  2 quokkas
  A ball python (D:1)
  4 bats
  5 frilled lizards (D:1)
  7 kobolds
  6 rats
46 creatures vanquished.

Notes
Turn   | Place    | Note
-------+----------+-------------------------------------------
     0 | D:1      | Delarado the Octopode Fighter began the quest for the Orb.
     0 | D:1      | Reached XP level 1. HP: 16/16 MP: 1/1
   288 | D:1      | Reached XP level 2. HP: 21/21 MP: 2/2
   416 | D:1      | Reached skill level 3 in Unarmed Combat
   612 | D:1      | Reached XP level 3. HP: 4/26 MP: 3/3
  1479 | D:2      | Reached skill level 4 in Unarmed Combat
  1675 | D:2      | Reached XP level 4. HP: 24/31 MP: 4/4
  2193 | D:3      | Noticed Ijyb
  2204 | D:3      | Killed from afar by Ijyb

Skill      XL: |  1  2  3 |
---------------+----------+-----
Unarmed Combat | 3 4 |  4.8
Fighting       | |  3.0
Dodging        | |  3.0
Shields        | |  3.0

Action                   |  1- 3 |  4- 6 || total
-------------------------+-------+-------++-------
Melee: Unarmed           |    72 |    37 ||   109
       Constrict         |    19 |     7 ||    26
       Tentacles         |    12 |     2 ||    14
       Punch             |     2 |     2 ||     4
Throw: Stone             |     4 |    13 ||    17
  Use: Scroll            |     3 |     4 ||     7
 Stab: Sleeping          |     3 |     1 ||     4
  Eat: Chunk             |     2 |     2 ||     4
Armor: Skin              |     3 |     3 ||     6
Dodge: Dodged            |    14 |    16 ||    30
Block: Shield            |    20 |    10 ||    30
